 Dungeon Crawl Stone Soup version 0.30.1-4-g462c640d31 (webtiles) character file.

Game seed: 16508539954411295126

376 Nick1 the Chopper (level 7, -1/54 HPs)
             Began as a Formicid Fighter on Sept 17, 2023.
             Slain by a gnoll
             ... wielding a +0 spear
             ... led by a gnoll bouda
              (2 damage)
             ... on level 4 of the Dungeon.
             The game lasted 00:11:01 (2752 turns).

Nick1 the Chopper (Formicid Fighter)                Turns: 2752, Time: 00:11:02

Health: -1/54      AC: 12    Str: 23    XL:     7   Next: 3%
Magic:  3/7        EV:  6    Int:  7    God:
Gold:   201        SH:  5    Dex: 13    Spells: 6/6 levels left

rFire   . . .        a - +0 war axe
rCold   . . .        c - +0 buckler
rNeg    . . .        o - +0 plate armour
rPois   .            (helmet unavailable)
rElec   .            (no cloak)
rCorr   .            (no gloves)
SInv    +            (no boots)
Will    .....        (no amulet) Stlth
                     m - +4 ring of slaying
HPRegen 0.29/turn    (no ring)
MPRegen 0.10/turn

%: no passive effects
@: mighty
A: permanent stasis, dig shafts and tunnels, antennae 3, four strong arms
a: Dig, Shaft Self


You were on level 4 of the Dungeon.
You visited 1 branch of the dungeon, and saw 4 of its levels.

You collected 201 gold pieces.

Inventory:

Hand Weapons
 a - a +0 war axe (weapon)
 u - a +4 antimagic dire flail
Missiles
 q - a poisoned dart (quivered)
Armour
 c - a +0 buckler (worn)
 o - a +0 plate armour (worn)
Jewellery
 g - a +6 ring of intelligence
 m - a +4 ring of slaying (left hand)
Wands
 s - a wand of iceblast (7)
 t - a wand of digging (5)
 v - a wand of flame (29)
Scrolls
 h - a scroll of vulnerability {unknown}
 k - 3 scrolls of amnesia
 n - 2 scrolls of identify {unknown}
 r - a scroll of magic mapping {unknown}
 w - a scroll of enchant weapon {unknown}
Potions
 b - a potion of curing {unknown}
 d - 3 potions of might
 e - a potion of mutation {unknown}
 f - a potion of invisibility {unknown}
 i - 2 potions of heal wounds {unknown}
 j - 3 potions of attraction {unknown}
 l - a potion of resistance {unknown}
 p - a potion of degeneration {unknown}


   Skills:
 * Level 4.2 Fighting
 * Level 5.2 Axes
 + Level 0.6 Throwing
 * Level 4.5 Armour
 + Level 0.4 Dodging
 + Level 0.2 Stealth
 * Level 4.8 Shields


You had 6 spell levels left.
You didn't know any spells.
Your spell library contained the following spells:

 Spells                   Type           Power      Damage    Failure   Level
 Shock                    Conj/Air       0%         1d3       100%        1
 Airstrike                Air            0%         2d(0-16)  100%        4
 Swiftness                Air            Unusable   N/A       N/A         3

Dungeon Overview and Level Annotations

Branches:
Dungeon (4/15)
 Temple: D:4-7

Altars:
Dithmenos
Fedhas
Wu Jian

Shops:
D:3 [


Innate Abilities, Weirdness & Mutations

You cannot be hasted, slowed, berserked, paralysed or teleported.
You can dig through walls and to a lower floor.
You have a pair of large antennae on your head. (SInv)
Your four strong arms can wield two-handed weapons with a shield.


Message History

The gnoll hits you from afar with a +0 spear. x2
You block the orc's attack.
The gnoll bouda hits you with a +2 whip of distortion!
Space warps horribly around you! The gnoll hits you but does no damage.
You feel very mighty all of a sudden. The gnoll hits you but does no damage.
You block the gnoll's attack. The orc closely misses you.
You block the gnoll bouda's attack. The gnoll hits you with a +0 club.
You barely miss the orc.
The orc is almost dead.
You closely miss the gnoll bouda. You barely miss the gnoll.
The gnoll hits you from afar with a +0 spear.
* * * LOW HITPOINT WARNING * * *
The gnoll hits you but does no damage. The orc hits you but does no damage.
The gnoll bouda hits you with a +2 whip of distortion!
* * * LOW HITPOINT WARNING * * *
Space warps around you.
* * * LOW HITPOINT WARNING * * *
The gnoll hits you but does no damage. The gnoll barely misses you. x2
You barely miss the gnoll bouda.
The gnoll bouda is lightly wounded.
You slash the gnoll! You hit the orc.
You kill the orc!
Your attacks no longer feel as feeble.
The gnoll bouda hits you but does no damage.
You block the gnoll's attack. The gnoll completely misses you.
You block the gnoll's attack.
You slash the gnoll!
You kill the gnoll!
You slash the gnoll bouda! The gnoll bouda barely misses you.
The gnoll closely misses you. The gnoll completely misses you.
The gnoll bouda mumbles some strange prayers to its god.
The gnoll bouda is healed somewhat.
You slice the gnoll bouda!!
You kill the gnoll bouda!
The gnoll barely misses you. The gnoll hits you but does no damage.
The gnoll hits you from afar with a +0 spear.
* * * LOW HITPOINT WARNING * * *
The gnoll hits you from afar with a +0 spear.
You die...

. #. #. ##'# #. #...#
#.###### .....# #......#
.....g# ##.###.#
......)####......#######
.....g)@................
......)####......#######
......# #..##.## #
.....# #.....# # #...#
##.#### # ##'# #.# # #.
#.# # # #.# # #.# #


You could see 2 gnolls.

Vanquished Creatures
  Edmund (D:4)
  A howler monkey (D:4)
  2 orc priests (D:3)
  A gnoll bouda (D:4)
  2 orc wizards (D:3)
  An adder (D:2)
  4 gnolls
  A worm (D:2)
  2 dart slugs (D:1)
  2 orcs
  5 ball pythons
  7 endoplasms
  3 giant cockroaches
  7 hobgoblins
  4 kobolds
  3 quokkas
  7 bats
  4 frilled lizards
  2 goblins
  5 rats
64 creatures vanquished.

Notes
Turn   | Place    | Note
-------+----------+-------------------------------------------
     0 | D:1      | Nick1 the Formicid Fighter began the quest for the Orb.
     0 | D:1      | Reached XP level 1. HP: 18/18 MP: 1/1
   122 | D:1      | Reached XP level 2. HP: 24/24 MP: 2/2
   341 | D:1      | Reached XP level 3. HP: 28/29 MP: 3/3
   884 | D:2      | Reached XP level 4. HP: 11/37 MP: 4/4
  1435 | D:2      | Reached skill level 3 in Axes
  1992 | D:3      | Reached XP level 5. HP: 36/42 MP: 5/5
  1998 | D:3      | Reached skill level 4 in Axes
  2016 | D:3      | Reached XP level 6. HP: 23/48 MP: 6/6
  2024 | D:3      | Found a blossoming altar of Fedhas.
  2199 | D:3      | Found an ornate altar of the Wu Jian Council.
  2200 | D:3      | Found a shadowy altar of Dithmenos.
  2232 | D:3      | Found Igokkeust's Armour Boutique.
  2372 | D:4      | Noticed Edmund
  2378 | D:4      | Killed Edmund
  2379 | D:4      | Reached skill level 5 in Axes
  2733 | D:4      | Reached XP level 7. HP: 54/54 MP: 2/7
  2749 | D:4      | HP: 2/54 [gnoll bouda/+2 whip of distortion (5)]
  2752 | D:4      | Slain by a gnoll

Illustrated notes

Levels and vault maps discovered:
D:1:      minmay_arrival_nine_rooms, layout_loops_corners
D:2:      layout_basic, dk_noncrumbling_3, minmay_ruptured
D:3:      layout_rooms, fedhas_altar_4, minitemple, serial_shops,
          nicolae_shop_hallway_plus, chequers_mini_garden
D:4:      layout_loops_corners, uniq_edmund

Skill      XL: |  1  2  3  4  5  6 |
---------------+-------------------+-----
Armour         | 4 |  4.5
Axes           | 3 4 5 |  5.2
Fighting       | 4 |  4.2
Throwing       | |  0.6
Dodging        | |  0.4
Stealth        | |  0.2
Shields        | |  4.8

Action                     |  1- 3 |  4- 6 |  7- 9 || total
---------------------------+-------+-------+-------++-------
  Melee: War axe           |    72 |    80 |     6 ||   158
         Dire flail        |       |     4 |       ||     4
  Throw: Dart              |       |     7 |       ||     7
    Use: Scroll            |     2 |     2 |       ||     4
         Potion            |     1 |     1 |     1 ||     3
 Armour: Scale mail        |    39 |    12 |       ||    51
         Plate armour      |       |    36 |     9 ||    45
  Dodge: Dodged            |    36 |    20 |    10 ||    66
  Block: Buckler           |    21 |    12 |     6 ||    39
